[Event "Early-Titled-Tuesday-Blitz-March-26-2024"]
[Site "Chess.com"]
[Date "2024.03.26"]
[Round "5"]
[White "tomobeast"]
[Black "shirovin"]
[Result "1-0"]
[WhiteElo "2234"]
[BlackElo "2047"]
[TimeControl "180+1"]
[EndTime "8:53:36 PDT"]
[Termination "tomobeast won by checkmate"]

1. e4 Nf6 2. e5 Nd5 3. c4 Nb6 4. d4 d6 5. exd6 exd6 6. Nc3 Be7 7. Nf3 O-O 8. b3 Nc6 9. Be2 Bg4 10. Be3 Bf6 11. h3 Bh5 12. g4 Bg6 13. g5 Be7 14. h4 f6 15. h5 Bf5 16. d5 Ne5 17. gxf6 Bxf6 18. Nd4 Bd7 19. f4 c5 20. fxe5 cxd4 21.
exf6 dxe3 22. fxg7 Kxg7 23. h6+ Kh8 24. Qd3 Qg5 25.
O-O-O Bf5 26. Qd4+ Qf6 27. Qxe3 Rae8 28. Qf3 a5 29.
Rdg1 a4 30. Rf1 a3 31. Bd3 Qxc3+ 32. Kd1 Qa1+ 33. Kd2 Qxa2+ 34. Kd1 Qxb3+ 35. Kd2 Qxd3+ 36. Qxd3 Bxd3 37. Rxf8+ Rxf8 38. Kxd3 Nd7 39. Ra1 Nc5+ 40. Kd4 Rf3 41. Rxa3 Nb3+ 42. Ke4 Rh3 43. Ra8# 1-0

[Event "Early-Titled-Tuesday-Blitz-March-26-2024"]
[Site "Chess.com"]
[Date "2024.03.26"]
[Round "5"]
[White "Polish_fighter3000"]
[Black "Zhigalko_Sergei"]
[Result "1-0"]
[WhiteElo "3114"]
[BlackElo "2902"]
[TimeControl "180+1"]
[EndTime "8:53:40 PDT"]
[Termination "Polish_fighter3000 won by checkmate"]

1. c4 e5 2. Nc3 Nf6 3. Nf3 Nc6 4. e3 Bb4 5. Qc2 d6 6. Ne2 a5 7. a3 Bc5 8. Ng3 O-O 9. b3 Re8 10. Bb2 h6 11. Bd3 Bb6 12. Ne4 Be6 13. Nxf6+ Qxf6 14. Bh7+ Kh8 15. Be4 Rab8 16. Rg1 Rbd8 17. g4 g5 18. h4 Kg7 19. d4 d5 20. dxe5 Qe7 21. cxd5 Bxd5 22. hxg5 Bxe4 23. gxh6+ Kg8 24. Qxe4 Qe6 25. g5 Qxb3 26. g6 Qxb2 27. gxf7+ Kf8 28. fxe8=Q+ Rxe8 29. Qf5+ Ke7 30. Rg7+ Kd8 31. Qd7# 1-0

[Event "Early-Titled-Tuesday-Blitz-March-26-2024"]
[Site "Chess.com"]
[Date "2024.03.26"]
[Round "5"]
[White "AlexeiShirov"]
[Black "tetrix83"]
[Result "1-0"]
[WhiteElo "2847"]
[BlackElo "2623"]
[TimeControl "180+1"]
[EndTime "8:53:41 PDT"]
[Termination "AlexeiShirov won on time"]

1. e4 c5 2. Nf3 e6 3. d4 cxd4 4. Nxd4 a6 5. c4 Qc7 6. Nc3 Nf6 7. a3 b6 8. Be3 Bb7 9. f3 d6 10. Rc1 Be7 11. g4 O-O 12. g5 Nfd7 13. h4 Qd8 14. g6 hxg6 15. h5 e5 16. Nc2 gxh5 17. Rxh5 Bh4+ 18.
Ke2 g6 19. Rxh4 Qxh4 20. Qxd6 Nf6 21. Qxb6 Bc8 22. Nb4 Nbd7 23. Qd6 Nh5 24. Ncd5 Qh2+ 25. Bf2 Ng3+ 26. Ke3 Qh6+ 27. f4 Nxf1+ 28. Rxf1 exf4+ 29. Kd2 Qh3 30. Rg1 Qh2 31. Ke1 Qh5 32. Bd4 Re8 33. Ne7+ Rxe7 34. Qxe7 1-0

[Event "Early-Titled-Tuesday-Blitz-March-26-2024"]
[Site "Chess.com"]
[Date "2024.03.26"]
[Round "5"]
[White "CrushingKings"]
[Black "KorolDimitriy75"]
[Result "1-0"]
[WhiteElo "2577"]
[BlackElo "2378"]
[TimeControl "180+1"]
[EndTime "8:53:42 PDT"]
[Termination "CrushingKings won on time"]

1. Nf3 c5 2. g3 g6 3. Bg2 Bg7 4. O-O Nc6 5. c4 Nh6 6. e3 Nf5 7. g4 Nh6 8. h3 f5 9. g5 Nf7 10. d4 O-O 11. Nc3 d6 12. h4 e5 13. Nd5 exd4 14. exd4 cxd4 15. Re1 Nfe5 16. Bf4 Kh8 17. Kh1 Nxc4 18. Qb3 N4e5 19. Rad1 Be6 20. Nxd4 Nxd4 21.
Rxd4 Qd7 22. Rd2 Rac8 23. Qg3 Qf7 24. b3 Rfe8 25. Red1 b6 26. Nb4 Rcd8 27. Rxd6 Rxd6 28. Rxd6 Ng4 29. f3 Bf8 30. fxg4 Bxd6 31. Bxd6 fxg4 32. Be5+ Kg8 33. Bf6 Rc8 34. Nc6 Qd7 35. Ne7+ Kf7 36.
Nxc8 Qxc8 37. Qd6 Qc1+ 38. Kh2 Qe1 39. Qe7+ 1-0

[Event "Early-Titled-Tuesday-Blitz-March-26-2024"]
[Site "Chess.com"]
[Date "2024.03.26"]
[Round "5"]
[White "Kavyev_Ruslan"]
[Black "MatthewG-p4p"]
[Result "0-1"]
[WhiteElo "2407"]
[BlackElo "2867"]
[TimeControl "180+1"]
[EndTime "8:53:43 PDT"]
[Termination "MatthewG-p4p won on time"]

1. d4 d5 2. Nf3 Bf5 3. c4 e6 4. Nc3 Nf6 5. g3 c6 6. Qb3 Qc8 7. cxd5 exd5 8. Bf4 Be7 9. Rc1 Na6 10. Nb5 Qd8 11. Nc3 Qb6 12. e3 Qxb3 13. axb3 Nb4 14. Kd2 Ng4 15. Nd1 Be4 16. Be2 Nd3 17. Bxd3 Bxf3 18.
Rg1 g5 19. h3 Bxd1 20. hxg4 Bxg4 21. Be5 f6 22. Bc7 Bb4+ 23. Kc2 Kd7 24. f3 Be6 25. Bf4 gxf4 26. gxf4 Rag8 27. Rh1 h5 28. Rcf1 h4 29. Ra1 a5 30. Rab1 Rg2+ 31. Kd1 Rd2+ 32. Kc1 Rxd3 33. Kc2 Rxe3 34. Kc1 Bf5 35. Ra1 Rxf3 0-1

[Event "Early-Titled-Tuesday-Blitz-March-26-2024"]
[Site "Chess.com"]
[Date "2024.03.26"]
[Round "5"]
[White "Iskusnyh"]
[Black "flawian2008"]
[Result "0-1"]
[WhiteElo "2623"]
[BlackElo "2386"]
[TimeControl "180+1"]
[EndTime "8:53:43 PDT"]
[Termination "flawian2008 won on time"]

1. d4 Nf6 2. c4 c5 3. d5 b5 4. Qc2 b4 5. e4 d6 6. Bd3 g6 7. b3 Bg7 8. Bb2 O-O 9. Nf3 a5 10. a4 bxa3 11. Nxa3 Na6 12. Qb1 Nb4 13. Be2 Bd7 14. O-O a4 15. bxa4 Bxa4 16. e5 Ne8 17.
exd6 exd6 18. Bxg7 Nxg7 19. Qb2 Nf5 20. Nb1 Re8 21. Nc3 Bc2 22. Rxa8 Qxa8 23. Bd1 Bd3 24. Re1 Rxe1+ 25. Nxe1 Bxc4 26. Ne4 Nxd5 27. Bf3 Nd4 28.
Nxd6 Qa5 29. Qc1 Be2 30. Bxd5 Ba6 31. Bf3 Qb4 32. Qa1 c4 33. Ne4 Qb6 34. h4 f5 35.
Ng5 Qd6 36. Qa5 h6 0-1

[Event "Early-Titled-Tuesday-Blitz-March-26-2024"]
[Site "Chess.com"]
[Date "2024.03.26"]
[Round "5"]
[White "MightyGMpretender"]
[Black "yaguigor"]
[Result "1-0"]
[WhiteElo "2773"]
[BlackElo "2580"]
[TimeControl "180+1"]
[EndTime "8:53:44 PDT"]
[Termination "MightyGMpretender won by resignation"]

1. e4 c5 2. Nf3 Nc6 3. Bb5 Nf6 4. Nc3 g6 5. e5 Ng4 6. Bxc6 dxc6 7. d3 Bg7 8. Bf4 Nh6 9. Qe2 Nf5 10. Ne4 O-O 11.
O-O Nd4 12. Nxd4 cxd4 13. Rae1 h6 14. Bg3 Bf5 15. f4 Qd5 16. b3 c5 17. Bh4 f6 18.
g4 Bxe4 19. dxe4 Qe6 20. exf6 exf6 21. f5 gxf5 22. exf5 Qxe2 23. Rxe2 Rfe8 24. Rfe1 Rxe2 25. Rxe2 Kf7 26. Re6 Re8 27. Rxe8 Kxe8 28. Kf2 Kd7 29. Kf3 Kc6 30. Ke4 b5 31. Bg3 Bf8 32. Bf4 a5 33. a4 bxa4 34. bxa4 Bg7 35. Bd2 Bf8 36. Bxa5 Bd6 37. h3 Be5 38. Bd2 c4 39. Bxh6 Kc5 40. Bd2 c3 41. Bc1 Kc4 42. g5 Bd6 43. g6 1-0

[Event "Early-Titled-Tuesday-Blitz-March-26-2024"]
[Site "Chess.com"]
[Date "2024.03.26"]
[Round "5"]
[White "wqws"]
[Black "Likvidator228"]
[Result "1-0"]
[WhiteElo "2729"]
[BlackElo "2577"]
[TimeControl "180+1"]
[EndTime "8:53:45 PDT"]
[Termination "wqws won on time"]

1. e4 c5 2. Nf3 g6 3. d4 cxd4 4. Nxd4 Bg7 5. c4 Nc6 6. Be3 Qb6 7. Nb3 Qd8 8. Nc3 Nf6 9. Be2 O-O 10. Qd2 d6 11.
O-O-O Ng4 12. Bxg4 Bxg4 13. f3 Be6 14. Nd5 Bxd5 15. cxd5 Ne5 16. Bd4 Rc8+ 17. Kb1 a6 18.
Rc1 Qd7 19. Rxc8 Rxc8 20. Rc1 Nc4 21. Qf2 e5 22. dxe6 fxe6 23. Nd2 Qb5 24. Nxc4 Rxc4 25. Bxg7 Rxc1+ 26. Kxc1 Kxg7 27. Qd4+ Kf7 28. Qxd6 Qf1+ 29. Qd1 Qxg2 30. Qd7+ Kf6 31. Qd8+ Kf7 32. Qc7+ Kf6 33. Qf4+ Ke7 34. Qh4+ Kd6 35. Qd8+ Kc6 36. Qc8+ Kd6 37. Qxb7 Qg1+ 38. Kc2 Qc5+ 39. Kb3 Qe3+ 40. Ka4 Qe2 41.
Qb8+ Ke7 42. Qc7+ Kf6 43. Qf4+ Kg7 44. Qe5+ Kh6 45. h4 Qxf3 46. Qxe6 Qe2 47. Ka3 Kh5 48.
Qd5+ Kxh4 49. e5 1-0

[Event "Early-Titled-Tuesday-Blitz-March-26-2024"]
[Site "Chess.com"]
[Date "2024.03.26"]
[Round "5"]
[White "sergoy"]
[Black "ajedrezsinlimites"]
[Result "1-0"]
[WhiteElo "2917"]
[BlackElo "2635"]
[TimeControl "180+1"]
[EndTime "8:53:46 PDT"]
[Termination "sergoy won by resignation"]

1. d4 Nf6 2. c4 e6 3. Nf3 b6 4. g3 Bb7 5. Bg2 Be7 6. O-O O-O 7. Re1 d5 8. cxd5 exd5 9. Nc3 Nc6 10. Bf4 Ne4 11. Rc1 Nxc3 12. bxc3 Na5 13. Ne5 f6 14. Nd3 Nc4 15. Qc2 Re8 16. h4 Bf8 17. h5 a5 18.
Bd2 Qd7 19. Nf4 Rad8 20. Bh3 Qf7 21. Bf5 Re4 22. f3 Rxf4 23. Bxh7+ Kh8 24. Bxf4 Ba3 25. Rcd1 Bc6 26. Bg6 Qd7 27. e4 Ba4 28. Qh2 Bxd1 29. Rxd1 dxe4 30. h6 Kg8 31. fxe4 Ne5 32. Bh5 Nf7 33. e5 fxe5 34. Bxf7+ Qxf7 35. Bxe5 Qg6 36. hxg7 Qh7 37. Qxh7+ Kxh7 38. Kf2 Rg8 39. Ke3 Bd6 40. Rh1+ Kg6 41. Rh8 Kf7 42. Rxg8 Kxg8 43. Bxd6 1-0

[Event "Early-Titled-Tuesday-Blitz-March-26-2024"]
[Site "Chess.com"]
[Date "2024.03.26"]
[Round "5"]
[White "santosalberto1987"]
[Black "MaiqMaster"]
[Result "0-1"]
[WhiteElo "2521"]
[BlackElo "2397"]
[TimeControl "180+1"]
[EndTime "8:53:50 PDT"]
[Termination "MaiqMaster won by resignation"]

1. e4 c5 2. Nf3 e6 3. g3 Nc6 4. Bg2 Nf6 5. Qe2 e5 6. c3 Be7 7.
O-O O-O 8. Rd1 d5 9. exd5 Qxd5 10. d3 Bg4 11. h3 Bh5 12. Na3 Rad8 13. Nc4 e4 14. g4 exd3 15. Qe1 Qxc4 16. gxh5 Rfe8 17. h6 Bd6 18. Be3 g6 19. Qf1 Ne5 20. Nxe5 Bxe5 21.
Bxb7 Re7 22. Bg2 Qb5 23. Rd2 c4 24. Re1 Rde8 25. Kh1 Nd5 26. Bg5 f6 27. Bh4 Nf4 28. Bg3 Ne2 29. Bxe5 Qxe5 30. Red1 Qf4 31. b3 Nxc3 32.
Rc1 Qxd2 0-1

[Event "Early-Titled-Tuesday-Blitz-March-26-2024"]
[Site "Chess.com"]
[Date "2024.03.26"]
[Round "5"]
[White "nikitakhoroshev"]
[Black "alekroth65"]
[Result "1/2-1/2"]
[WhiteElo "2648"]
[BlackElo "2388"]
[TimeControl "180+1"]
[EndTime "8:53:50 PDT"]
[Termination "Game drawn by repetition"]

1. e4 d6 2. d4 Nf6 3. Nc3 g6 4. f4 Bg7 5. Nf3 O-O 6. e5 Nfd7 7. Bc4 Nb6 8. Bb3 c5 9. dxc5 dxc5 10. Bd5 Nxd5 11. Nxd5 Nc6 12. Be3 b6 13. O-O Be6 14. c4 Nb4 15. Nxb4 cxb4 16. Qe2 Qc7 17. b3 Rfd8 18.
Rad1 Bg4 19. h3 Bxf3 20. Qxf3 e6 21. Rxd8+ Rxd8 22. Rd1 Bf8 23. Kh2 Bc5 24. Bxc5 bxc5 25. h4 h5 26. Rd3 Kg7 27. Qd1 Rxd3 28. Qxd3 Qa5 29. Qd2 Qa3 30. Kg1 a5 31. Qc2 a4 32.
Kh2 axb3 33. axb3 Qa1 34. Qd2 Qf1 35. Kg3 Qb1 36. Qd8 Qxb3+ 37. Kh2 Qxc4 38. Qf6+ Kg8 39. Qd8+ Kh7 40. Qf6 Kg8 41. Qd8+ Kg7 42. Qf6+ Kg8 1/2-1/2

[Event "Early-Titled-Tuesday-Blitz-March-26-2024"]
[Site "Chess.com"]
[Date "2024.03.26"]
[Round "5"]
[White "DreamsAreFake"]
[Black "frederiksvane"]
[Result "0-1"]
[WhiteElo "2745"]
[BlackElo "2984"]
[TimeControl "180+1"]
[EndTime "8:53:52 PDT"]
[Termination "frederiksvane won on time"]

1. Nf3 d5 2. g3 Bg4 3. Bg2 e6 4. O-O Nd7 5. h3 Bxf3 6. Bxf3 c6 7. d3 Bc5 8. e4 Ne7 9. Qe2 Qc7 10. Kg2 O-O 11. Nd2 Rae8 12. Nb3 Bd6 13. h4 f5 14. Re1 dxe4 15. dxe4 f4 16. Nd4 Ng6 17. h5 Nge5 18. gxf4 Nxf3 19. Qxf3 Bxf4 20. Bxf4 Rxf4 21. Qg3 Qe5 22. Rad1 Ref8 23. f3 Nf6 24.
Ne2 Nxh5 25. Qh3 Qg5+ 26. Kf2 Rxe4 27. Nd4 Nf4 28. Qg3 Rxe1 29. Qxg5 Nh3+ 30. Kxe1 Nxg5 31. Ke2 e5 32. Nb3 h5 33. Rd7 Rf7 34. Rd8+ Kh7 35. Nc5 Nxf3 36. Ne4 Nd4+ 37. Kd3 Kg6 38.
c3 Ne6 39. Nd6 Re7 0-1

[Event "Early-Titled-Tuesday-Blitz-March-26-2024"]
[Site "Chess.com"]
[Date "2024.03.26"]
[Round "5"]
[White "Mysterio47"]
[Black "Chess_Gainz"]
[Result "1-0"]
[WhiteElo "2714"]
[BlackElo "2562"]
[TimeControl "180+1"]
[EndTime "8:53:52 PDT"]
[Termination "Mysterio47 won on time"]

1. e4 d6 2. d4 Nf6 3. Nc3 e5 4. Nf3 Nbd7 5. Rg1 c6 6. g4 h6 7. a4 Qa5 8. Qe2 exd4 9. Nxd4 Qe5 10. Nf3 Qe7 11. h3 Nc5 12. Nd2 g5 13. Bg2 Bg7 14.
Nc4 Be6 15. Ne3 O-O-O 16. Bd2 Nfd7 17. b4 Na6 18. b5 Nb4 19. Rb1 c5 20. Ncd5 Bxd5 21.
exd5 Rde8 22. Kd1 Qf6 23. c3 Na2 24. Rb3 Nb6 25. Be1 Nb4 26. a5 Na4 27. Qc4 Rxe3 28. fxe3 Re8 29. Rxb4 1-0

[Event "Early-Titled-Tuesday-Blitz-March-26-2024"]
[Site "Chess.com"]
[Date "2024.03.26"]
[Round "5"]
[White "RamonManon0g"]
[Black "guillembaches"]
[Result "1-0"]
[WhiteElo "2398"]
[BlackElo "2525"]
[TimeControl "180+1"]
[EndTime "8:53:54 PDT"]
[Termination "RamonManon0g won on time"]

1. e4 d5 2. exd5 Qxd5 3. Nc3 Qa5 4. d4 Nf6 5. Nf3 Bf5 6. h3 e6 7. Bd3 Nc6 8. O-O O-O-O 9. Bxf5 Qxf5 10. Be3 e5 11. d5 Bb4 12. Nh4 Qd7 13. dxc6 Qxc6 14. Qf3 e4 15. Qf5+ Kb8 16. Rfd1 Bxc3 17. bxc3 Qxc3 18.
Qb5 Qxc2 19. Rdc1 Qd3 20. Qc5 Qa6 21. Qxc7+ Ka8 22. Qxf7 Nd5 23. Bg5 Rd6 24. Rd1 Qb5 25. Qxg7 Re8 26. Qxh7 a6 27. Rab1 Qc6 28. Rdc1 Qd7 29.
Qxd7 Rxd7 30. Be3 Rf7 31. Rc5 Nxe3 32. fxe3 Rg8 33. Rbc1 Ka7 34. Nf5 Rg6 35. h4 Rgf6 36. Nd4 Rg7 37. h5 Rh6 38. Nf5 Rg5 39. Nxh6 1-0

[Event "Early-Titled-Tuesday-Blitz-March-26-2024"]
[Site "Chess.com"]
[Date "2024.03.26"]
[Round "5"]
[White "hsd2016"]
[Black "Tolya2"]
[Result "1-0"]
[WhiteElo "2323"]
[BlackElo "2478"]
[TimeControl "180+1"]
[EndTime "8:53:55 PDT"]
[Termination "hsd2016 won by resignation"]

1. a3 Nf6 2. Nf3 g6 3. g3 Bg7 4. Bg2 b6 5. d4 Bb7 6. c4 O-O 7.
Nc3 d6 8. O-O Nbd7 9. Re1 Re8 10.
e4 e5 11. d5 a5 12. Be3 Nc5 13. Nd2 a4 14. Qc2 Nfd7 15. Rad1 Rf8 16. Bh3 Bc8 17.
Nf1 Nb3 18. Nxa4 Nd4 19. Bxd4 exd4 20. b3 Ne5 21. Bg2 d3 22. Qd2 Bg4 23. Rc1 Be2 24. Nc3 Rxa3 25. Nxe2 dxe2 26. Qxe2 Rxb3 27. Ne3 Qd7 28.
Red1 Nd3 29. Rxd3 Rxd3 30. Qxd3 Ra8 31. h4 Bh6 32. Rb1 Ra2 33. Re1 Qa4 34. Ng4 Bg7 35.
e5 dxe5 36. Nxe5 Qa5 37. Re3 Qb4 38. Nc6 Qd6 39. Re8+ Bf8 40. Qd4 f6 41. Bh3 Kg7 42. Re6 Qa3 43. Qxf6+ Kg8 44. Re1 Qd6 45. Be6+ 1-0

[Event "Early-Titled-Tuesday-Blitz-March-26-2024"]
[Site "Chess.com"]
[Date "2024.03.26"]
[Round "5"]
[White "TangerineandLemon25"]
[Black "Binary010"]
[Result "0-1"]
[WhiteElo "2591"]
[BlackElo "2799"]
[TimeControl "180+1"]
[EndTime "8:53:57 PDT"]
[Termination "Binary010 won on time"]

1. e4 c5 2. Nf3 d6 3. d4 cxd4 4.
Nxd4 Nf6 5. Nc3 a6 6. Rg1 h5 7. h3 g6 8. g4 hxg4 9. hxg4 Bg7 10. g5 Nh5 11. Be3 Nc6 12. Qd2 Bd7 13. O-O-O Rc8 14.
Be2 Qa5 15. Kb1 b5 16. Nxc6 Bxc6 17. Bd4 b4 18. Nd5 Bxd5 19. exd5 Qc7 20. Bxh5 Bxd4 21. Bg4 Bc3 22. bxc3 bxc3 23. Qc1 Rb8+ 24. Ka1 Rb2 25.
Be2 Rh4 26. f4 Qc5 27. Rh1 Qa3 28. Bc4 Rxf4 29. Bb3 Rb4 0-1

[Event "Early-Titled-Tuesday-Blitz-March-26-2024"]
[Site "Chess.com"]
[Date "2024.03.26"]
[Round "5"]
[White "Chessdude1987"]
[Black "MalyDominator"]
[Result "1-0"]
[WhiteElo "2401"]
[BlackElo "2563"]
[TimeControl "180+1"]
[EndTime "8:53:57 PDT"]
[Termination "Chessdude1987 won on time"]

1. e4 c5 2. Nf3 d6 3. Bc4 e6 4.
O-O Nc6 5. Re1 Nf6 6. d3 Be7 7. c3 O-O 8. Bb3 b6 9. d4 Bb7 10. Nbd2 Rc8 11. a3 Na5 12. Ba2 d5 13. e5 Ne4 14.
Nf1 cxd4 15. cxd4 Qc7 16. Ne3 Qb8 17. h4 Rc7 18. g3 Rfc8 19. Nh2 Ba6 20. Qg4 Kh8 21.
f3 f5 22. exf6 Nxf6 23. Qxe6 Bf8 24. Nxd5 Nxd5 25. Bxd5 Bxa3 26. bxa3 Rxc1 27. Raxc1 Qxg3+ 28. Kh1 Rf8 29. Rg1 Qh3 30. Qe7 1-0

[Event "Early-Titled-Tuesday-Blitz-March-26-2024"]
[Site "Chess.com"]
[Date "2024.03.26"]
[Round "5"]
[White "dealshark"]
[Black "ritanovikova"]
[Result "1-0"]
[WhiteElo "2298"]
[BlackElo "2103"]
[TimeControl "180+1"]
[EndTime "8:53:57 PDT"]
[Termination "dealshark won on time"]

1. Nf3 Nf6 2. g3 g6 3. Bg2 Bg7 4. Kf1 O-O 5. h4 h5 6. d3 Nc6 7. Nc3 e5 8. Bg5 d5 9. Qd2 Re8 10. Bh6 Bh8 11. Bg5 a6 12. Bh3 Bxh3+ 13. Rxh3 Qd7 14. Kg2 d4 15. Nd1 e4 16. Ne1 Qd5 17.
Kg1 Qf5 18. Rh2 Ng4 19. Rg2 e3 20. fxe3 dxe3 21. Qc1 Bd4 22. Nf3 Bb6 23. c4 Nd4 24. Nh2 Nxh2 25. Rxh2 Qg4 26. Nc3 Qxg3+ 27. Rg2 Qh3 28.
Qf1 Nf5 29. Ne4 Nxh4 30. Bxh4 Qxh4 31. Nf6+ Kg7 32. Nxe8+ Rxe8 33. Qf3 c6 34. Rf1 Re7 35. b4 Bc7 36. a4 f5 37. Qxf5 Kh8 38. Qf8+ Kh7 39.
Rf7+ Rxf7 40. Qxf7+ Kh8 41. Qe8+ Kh7 42. Qxg6+ 1-0

[Event "Early-Titled-Tuesday-Blitz-March-26-2024"]
[Site "Chess.com"]
[Date "2024.03.26"]
[Round "5"]
[White "Karttunen"]
[Black "DrVelja"]
[Result "0-1"]
[WhiteElo "2747"]
[BlackElo "3012"]
[TimeControl "180+1"]
[EndTime "8:53:58 PDT"]
[Termination "DrVelja won by resignation"]

1. d4 Nf6 2. c4 g6 3. f3 c5 4. d5 Bg7 5. e4 d6 6. Nc3 e6 7. Nge2 exd5 8. cxd5 O-O 9. Ng3 a6 10. a4 Nbd7 11. Be2 h5 12. O-O Nh7 13. Be3 Ne5 14.
h3 h4 15. Nh1 g5 16. f4 gxf4 17. Bxf4 Ng6 18. Be3 f5 19. exf5 Bxf5 20. Bg4 Qe7 21. Bf2 Ng5 22. a5 Bxg4 23. Qxg4 Ne5 24. Rae1 Rae8 25.
Qh5 Rf5 26. Qd1 Nxh3+ 27. gxh3 Qg5+ 28. Kh2 Nf3+ 29. Qxf3 Rxe1 30. Qxf5 Be5+ 31. Qxe5 Qxe5+ 32. Kg2 Qg5+ 33. Ng3 Rxf1 34. Kxf1 hxg3 35. Bg1 Qc1+ 36. Kg2 Qxb2+ 0-1

[Event "Early-Titled-Tuesday-Blitz-March-26-2024"]
[Site "Chess.com"]
[Date "2024.03.26"]
[Round "5"]
[White "balack95"]
[Black "AquivaRubinstein"]
[Result "1-0"]
[WhiteElo "2459"]
[BlackElo "2588"]
[TimeControl "180+1"]
[EndTime "8:53:58 PDT"]
[Termination "balack95 won by resignation"]

1. d4 Nf6 2. c4 e6 3. Nc3 d5 4.
cxd5 Nxd5 5. e4 Nxc3 6. bxc3 c5 7. Be3 cxd4 8. Qxd4 Qc7 9. Bb5+ Nc6 10. Nf3 Bd7 11. Qd2 Be7 12. O-O O-O 13. a4 a6 14. Be2 Na5 15.
Rfb1 Nc6 16. Bb6 Qc8 17. Rd1 Bd8 18. Bc5 Be8 19. Bxf8 Kxf8 20. e5 Bc7 21. Qe3 Qb8 22. Rab1 Nxe5 23. Nxe5 Bxe5 24. Bf3 Bxh2+ 25. Kh1 Qe5 26.
Rxb7 Rc8 27. Qd4 Qxd4 28. cxd4 Bf4 29. g3 Bg5 30. a5 Bb5 31. d5 e5 32. d6 Rd8 33.
Rxb5 axb5 34. a6 f5 35. Bc6 b4 36. a7 b3 37. a8=Q Rxa8 38. Bxa8 b2 39. Rb1 Bc1 40. Bd5 Ke8 41. Be6 g6 42. Kg2 e4 43.
Kf1 1-0

[Event "Early-Titled-Tuesday-Blitz-March-26-2024"]
[Site "Chess.com"]
[Date "2024.03.26"]
[Round "5"]
[White "GMJustin"]
[Black "Dewarfd"]
[Result "1-0"]
[WhiteElo "2344"]
[BlackElo "2150"]
[TimeControl "180+1"]
[EndTime "8:53:58 PDT"]
[Termination "GMJustin won on time"]

1. e4 c5 2. Nf3 g6 3. g3 Bg7 4. Bg2 d6 5. O-O Nc6 6. c3 Nf6 7. d4 cxd4 8. cxd4 O-O 9. d5 Nb8 10. Nc3 Bg4 11. h3 Bxf3 12. Qxf3 Nfd7 13. Be3 a5 14. Qe2 Na6 15. Rac1 b6 16. Nb5 Ndc5 17.
Nd4 Qd7 18. f4 Nc7 19. Nc6 e6 20. Rfd1 exd5 21. exd5 Rfe8 22. Qd2 N7a6 23. g4 Rac8 24. Bd4 Bxd4+ 25. Qxd4 Nb4 26. a3 Nba6 27. Re1 Rxe1+ 28. Rxe1 Re8 29. Rxe8+ Qxe8 30. Qf6 Nd7 31. Qxd6 1-0

[Event "Early-Titled-Tuesday-Blitz-March-26-2024"]
[Site "Chess.com"]
[Date "2024.03.26"]
[Round "5"]
[White "hakanazeri2"]
[Black "Abund"]
[Result "1-0"]
[WhiteElo "2585"]
[BlackElo "2800"]
[TimeControl "180+1"]
[EndTime "8:53:59 PDT"]
[Termination "hakanazeri2 won by checkmate"]

1. Nf3 c5 2. c4 Nc6 3. Nc3 e5 4.
e3 g6 5. d4 exd4 6. exd4 b6 7.
d5 Na5 8. d6 Bg7 9. Nd5 Kf8 10.
Bg5 f6 11. Bf4 Bb7 12. Be2 Nh6 13. O-O Nf7 14. Re1 g5 15. Bg3 h5 16. h3 Bc6 17. Bf1 Nb7 18. Nc7 Rc8 19. Re7 Nbxd6 20. Bxd6 Nxd6 21. Nd5 Bxd5 22. Re1 Bxf3 23. Qxd6+ Kf7 24.
gxf3 Re8 25. Rad1 Rxe1 26. Rxe1 Rc6 27. Qd5+ Re6 28. Rxe6 Kf8 29. Re1 Qc7 30. Bd3 g4 31. Bg6 d6 32. Re8# 1-0

[Event "Early-Titled-Tuesday-Blitz-March-26-2024"]
[Site "Chess.com"]
[Date "2024.03.26"]
[Round "5"]
[White "NastyaHn"]
[Black "aljado"]
[Result "1-0"]
[WhiteElo "2455"]
[BlackElo "2160"]
[TimeControl "180+1"]
[EndTime "8:53:59 PDT"]
[Termination "NastyaHn won on time"]

1. Nc3 Nf6 2. e4 e5 3. Nf3 Nc6 4. d4 exd4 5. Nxd4 Bc5 6. Nb3 Bb6 7. Bd3 O-O 8. O-O d6 9. h3 Be6 10. Bg5 h6 11. Bh4 Ne5 12. Be2 Qd7 13. Bxf6 gxf6 14. Kh2 f5 15. Nd4 f4 16. Qd2 Ng6 17. Bh5 Kh7 18.
Nce2 Bxd4 19. Qxd4 c5 20. Qf6 Qd8 21. Bxg6+ fxg6 22.
Qxe6 Rf6 23. Qd5 f3 24. gxf3 Rxf3 25. Ng3 Qf6 26. Qxb7+ Qf7 27. Qxf7+ Rxf7 28. Rad1 Raf8 29. Kg2 Rf6 30. e5 dxe5 31. Ne4 Rf4 32. Rd7+ R4f7 33. Nxc5 Rxd7 34. Nxd7 1-0

[Event "Early-Titled-Tuesday-Blitz-March-26-2024"]
[Site "Chess.com"]
[Date "2024.03.26"]
[Round "5"]
[White "ajeale2"]
[Black "mary-sanna"]
[Result "1-0"]
[WhiteElo "2436"]
[BlackElo "2226"]
[TimeControl "180+1"]
[EndTime "8:53:59 PDT"]
[Termination "ajeale2 won by resignation"]

1. e4 c5 2. Nc3 Nc6 3. g3 g6 4. Bg2 Bg7 5. Nge2 e6 6. O-O Nge7 7. d3 O-O 8. Be3 b6 9. d4 cxd4 10.
Nxd4 Bb7 11. Ndb5 d5 12. exd5 Nxd5 13. Nxd5 exd5 14. Qxd5 Qxd5 15. Bxd5 Bxb2 16. Rad1 Bf6 17. Nd6 Rab8 18. Nxb7 Nb4 19. Be4 Nxa2 20. Bf4 Nc3 21. Bxb8 Nxd1 22. Bd6 Re8 23. Bc6 Rc8 24. Bd7 Rxc2 25.
Rxd1 a5 26. Ba4 Ra2 27. Bb3 Rb2 28. Bd5 Bc3 29. Nd8 a4 30. Nxf7 Kg7 31. Be5+ Bxe5 32. Nxe5 a3 33. Nc4 Rb3 34. Ra1 Rd3 35. Nxb6 Kf6 36.
Bc4 Rc3 37. Nd5+ 1-0

[Event "Early-Titled-Tuesday-Blitz-March-26-2024"]
[Site "Chess.com"]
[Date "2024.03.26"]
[Round "5"]
[White "Rud_Makarian"]
[Black "djano"]
[Result "1-0"]
[WhiteElo "3083"]
[BlackElo "2665"]
[TimeControl "180+1"]
[EndTime "8:54:00 PDT"]
[Termination "Rud_Makarian won on time"]

1. d4 Nf6 2. Nf3 g6 3. e3 Bg7 4.
Be2 O-O 5. O-O d6 6. c4 Nbd7 7. Nc3 e5 8. b4 b6 9. Bb2 Bb7 10. Qc2 e4 11. Nd2 Qe7 12. a4 h5 13. a5 bxa5 14.
Rxa5 Rfe8 15. Rfa1 a6 16. c5 dxc5 17. bxc5 Nb8 18.
Qb3 Nc6 19. R5a3 Reb8 20. Nc4 Nxd4 21. exd4 e3 22. Nxe3 Bxg2 23. Qc2 Be4 24. Nxe4 Nxe4 25. Bf3 f5 26. Bxe4 fxe4 27. Rxa6 Rxa6 28. Rxa6 Qg5+ 29. Kf1 Kh7 30. Bc3 Rf8 31. Qxe4 Rf4 32. Rxg6 Qxg6 33. Qxf4 Qd3+ 34. Kg2 Qxc3 35. Qf5+ Kg8 36. Qd5+ Kf8 37. Qd8+ Kf7 38. Qxc7+ Kg6 39. Qc6+ Kh7 40. Qe4+ Kh8 41. Nf5 Qd2 42. Qe8+ Kh7 43. Qxh5+ Kg8 44. Qg6 1-0

[Event "Early-Titled-Tuesday-Blitz-March-26-2024"]
[Site "Chess.com"]
[Date "2024.03.26"]
[Round "5"]
[White "lucasran"]
[Black "Elsa167"]
[Result "1-0"]
[WhiteElo "2624"]
[BlackElo "2815"]
[TimeControl "180+1"]
[EndTime "8:54:00 PDT"]
[Termination "lucasran won by checkmate"]

1. Nf3 d6 2. c4 e5 3. Nc3 f5 4. d4 e4 5. Ng5 Nf6 6. Nh3 c6 7.
Bg5 Be7 8. Nf4 O-O 9. e3 Na6 10. Be2 Nc7 11. O-O Ne6 12. Nxe6 Bxe6 13. b4 d5 14. Qb3 h6 15. Bf4 Bd6 16. Bxd6 Qxd6 17. g3 g5 18. f4 exf3 19. Rxf3 Ne4 20. Nxe4 dxe4 21. Rf2 a5 22. b5 a4 23. Qb2 a3 24. Qb3 c5 25. Rd1 Rfd8 26. Rff1 Qb6 27. dxc5 Qxc5 28. Qc3 Kf7 29. Bh5+ Kg8 30. Qf6 Bd7 31.
Qg6+ Kh8 32. Qxh6+ Kg8 33. Qxg5+ Kh7 34. Bg6+ Kh8 35.
Qh6+ Kg8 36. Qh7+ Kf8 37. Qf7# 1-0

[Event "Early-Titled-Tuesday-Blitz-March-26-2024"]
[Site "Chess.com"]
[Date "2024.03.26"]
[Round "5"]
[White "Shahdad2007"]
[Black "Flaccidmoves"]
[Result "1-0"]
[WhiteElo "2617"]
[BlackElo "2449"]
[TimeControl "180+1"]
[EndTime "8:54:00 PDT"]
[Termination "Shahdad2007 won on time"]

1. e4 g6 2. h4 d5 3. exd5 Qxd5 4. Nc3 Qe6+ 5. Be2 Bg7 6. d4 c6 7. Nf3 Nf6 8. Bf4 Nd5 9. Nxd5 cxd5 10. h5 Nc6 11. c3 Bd7 12. Qd2 Na5 13. Kf1 Qb6 14.
Re1 O-O-O 15. Ng5 Be6 16. b4 Nc4 17. Bxc4 dxc4 18. Nxe6 fxe6 19. Qe2 Kd7 20. Rh3 Rhf8 21. Bh2 Rf5 22. h6 Bf6 23. Re3 e5 24. Bxe5 Bxe5 25. Rxe5 Rxe5 26. Qxe5 Qd6 27. Qb5+ Qc6 28. Qxc6+ bxc6 29.
Re5 Rf8 30. Ke2 Rf5 31. Rxf5 gxf5 32. Ke3 Ke6 33. Kf4 Kf6 34. f3 e6 35. g4 a6 36.
g5+ Kg6 37. a4 Kh5 38. a5 1-0